 Dungeon Crawl Stone Soup version 0.29.0-7-g18a832c13a (console) character file.

Game seed: 15551924094332881531

20729 jejorda2 the Slicer (level 12, -5/65 HPs)
             Began as a Vine Stalker Berserker on Aug 31, 2022.
             Was a Priest of Trog.
             Slain by a seven-headed hydra (7 damage)
             ... on level 4 of the Lair of Beasts.
             The game lasted 00:31:42 (12057 turns).

jejorda2 the Slicer (Vine Stalker Berserker)       Turns: 12057, Time: 00:31:43

Health: -5/65      AC: 16    Str: 24    XL:     12   Next: 82%
Magic:  0/13       EV:  7    Int:  7    God:    Trog [***...]
Gold:   368        SH: 12    Dex: 15    Spells: 11/11 levels left

rFire   + . .      SeeInvis .   a - +3 rapier (speed)
rCold   . . .      Faith    +   G - +2 kite shield
rNeg    . . .      Spirit   +   p - +2 chain mail {rF+}
rPois   .          Reflect  .   (no helmet)
rElec   .          Harm     .   i - scarf {shadows}
rCorr   .          Rampage  .   (no gloves)
Will    +....                   (no boots)
Stlth   ..........              J - amulet of faith
HPRegen 1.00/turn               c - +4 ring of protection
MPRegen 0.13/turn               w - ring of flight

@: on berserk cooldown, flying, slowed, very slow
A: fangs 3, regeneration 1, magic shield, antimagic bite, no potion heal 2
a: Renounce Religion, Berserk, Trog's Hand


You were on level 4 of the Lair of Beasts.
You worshipped Trog.
Trog was most pleased with you.
You visited 2 branches of the dungeon, and saw 13 of its levels.

You collected 774 gold pieces.
You spent 406 gold pieces at shops.

Inventory:

Hand Weapons
 a - a +3 rapier of speed (weapon)
Missiles
 b - 8 javelins
 e - 10 poisoned darts
 j - 112 stones (quivered)
 t - 6 atropa-tipped darts
 y - 13 boomerangs
 C - a throwing net
Armour
 i - a scarf of shadows (worn)
 p - a +2 chain mail of fire resistance (worn)
 G - a +2 kite shield (worn)
Jewellery
 c - a +4 ring of protection (left hand)
 f - a ring of fire
 r - a ring of ice
 w - a ring of flight (right hand)
 J - an amulet of faith (around neck)
Wands
 x - a wand of iceblast (7)
 z - a wand of polymorph (18)
 I - a wand of flame (19)
Scrolls
 k - 6 scrolls of teleportation
 q - 2 scrolls of blinking
 v - 2 scrolls of silence {unknown}
 D - a scroll of identify
Potions
 d - a potion of resistance
 g - 2 potions of attraction
 h - a potion of cancellation
 l - 2 potions of mutation
 m - 10 potions of ambrosia
 n - 5 potions of curing
 o - 2 potions of flight
 s - 3 potions of lignification
 u - 3 potions of magic
 A - 4 potions of might
 B - a potion of haste {unknown}


   Skills:
 + Level 8.5 Fighting
 - Level 14.0 Short Blades
 - Level 6.0 Armour
 - Level 1.5 Dodging
 + Level 7.4 Shields
 + Level 4.6 Evocations


You had 11 spell levels left.
You didn't know any spells.
Your spell library was empty.

Dungeon Overview and Level Annotations

Branches:
Dungeon (9/15)             Temple (0/1) D:4            Lair (4/5) D:8
 Shoals (0/4) Lair:3       Spider (0/4) Lair:2
  Slime: Lair:4-5       Orc: D:9-12

Altars:
Dithmenos
Elyvilon
Gozag
Makhleb
Okawaru
Qazlal
Ru
Trog
Uskayaw
Wu Jian
Yredelemnul
Zin

Shops:
D:4 (

Annotations:
Lair:2 exclusion: oklob plant


Innate Abilities, Weirdness & Mutations

You have razor-sharp teeth.
Your natural rate of healing is unusually fast.
When hurt, damage is shared between your health and your magic reserves.
Your bite disrupts and absorbs the magic of your enemies.
Potions cannot restore your health.


Message History

The seven-headed hydra bites you! The seven-headed hydra bites you.
* * * LOW HITPOINT WARNING * * *
The seven-headed hydra bites you!
* * * LOW HITPOINT WARNING * * *
The yak gores your black bear.
Your black bear bites the yak.
The yak dies!
Trog accepts your kill. You block the wolf's attack.
Your black bear barely misses the yak.
Your black bear claws the yak but does no damage.
Your black bear claws the yak.
Unknown command.
Aiming: Iceblast
Press: ? - help, Shift-Dir - straight line That beam is likely to hit you.
Continue anyway?
The mass of ice explodes!
The iceblast engulfs the seven-headed hydra!!
The seven-headed hydra is severely wounded.
The iceblast engulfs the yak!
The yak is heavily wounded.
The iceblast engulfs you but does no damage.
The iceblast engulfs the yak!
The yak is almost dead.
The iceblast engulfs the wolf!!
The wolf is almost dead.
You hear an angry hiss.
Your black bear barely misses the yak. x2
Your black bear closely misses the yak.
Your black bear bites the yak!
Your black bear closely misses the yak.
Your black bear claws the yak.
You block the seven-headed hydra's attack.
The seven-headed hydra bites you.
* * * LOW HITPOINT WARNING * * *
The seven-headed hydra bites you.
* * * LOW HITPOINT WARNING * * *
The seven-headed hydra bites you.
* * * LOW HITPOINT WARNING * * *
The seven-headed hydra closely misses you.
The seven-headed hydra bites you but does no damage.
The seven-headed hydra bites you!
You die...

##......# ##........
#......####.........
#.##....P#..#........
....#....PPP...............
............#.............
.........h................
.........†.Y..............
.#.....#YhDY..............
#.......@###.............
#.....#### #.............
..... ##.h.....#.#P. ..
.h.....:## # . ......<#
......l# .......# h...))P#
.....###


You could see a seven-headed hydra, 3 yaks, a wolf and a friendly black bear
(summoned, berserk).

Vanquished Creatures
  The ghost of Pechyafi the Cleaver, a journeyman DDEE of Makhleb (Lair:2)
  Fannar (Lair:1)
  3 hydras
  The ghost of Kazon the Cudgeller, a novice DgFi (D:9)
  An oklob plant (Lair:1)
  A black mamba (Lair:2)
  3 merfolk sirens (Lair:3)
  6 cane toads
  A rime drake (Lair:2)
  2 komodo dragons (Lair:3)
  A troll (D:9)
  A queen bee (Lair:2)
  A merfolk (Lair:3)
  5 blink frogs (Lair:3)
  4 dream sheep (Lair:3)
  5 wyverns
  A basilisk (Lair:2)
  27 yaks
  9 water moccasins
  2 ice beasts (D:6)
  4 black bears
  An ogre (D:4)
  3 wolves (Lair:4)
  2 phantoms
  2 gnoll sergeants
  12 bullfrogs
  3 necrophages (D:7)
  2 scorpions (D:5)
  3 wights (D:6)
  28 killer bees
  3 howler monkeys (D:8)
  8 hounds
  A jelly (D:6)
  A gnoll bouda (D:7)
  5 orc priests
  6 orc wizards
  An iguana (D:6)
  7 adders
  21 gnolls
  A shadow imp (D:7)
  A white imp (D:6)
  An ufetubus (D:5)
  A worm (D:3)
  2 dart slugs (D:1)
  31 orcs
  5 ball pythons
  11 bats
  4 endoplasms
  7 giant cockroaches
  7 goblins
  7 hobgoblins
  6 jackals
  5 quokkas
  A frilled lizard (D:1)
  6 kobolds
  5 rats
290 creatures vanquished.

Vanquished Creatures (collateral kills)
  A yak (Lair:4)
1 creature vanquished.

Vanquished Creatures (others)
  10 fungi
  11 plants
21 creatures vanquished.

Grand Total: 312 creatures vanquished

Notes
Turn   | Place    | Note
-------+----------+-------------------------------------------
     0 | D:1      | jejorda2 the Vine Stalker Berserker began the quest for the
                  | Orb.
     0 | D:1      | Reached XP level 1. HP: 11/11 MP: 2/2
   209 | D:1      | Found a faded altar of an unknown god.
   253 | D:1      | Reached skill level 3 in Short Blades
   253 | D:1      | Reached XP level 2. HP: 16/16 MP: 3/3
   600 | D:1      | Reached XP level 3. HP: 20/20 MP: 4/4
  1243 | D:2      | You fall into a shaft and drop 2 floors!
  1408 | D:4      | Found a staircase to the Ecumenical Temple.
  1547 | D:4      | Noticed an ogre
  1555 | D:4      | Killed an ogre
  1556 | D:4      | Reached skill level 4 in Short Blades
  1556 | D:4      | Gained mutation: Your natural rate of healing is unusually
                  | fast. [Vine Stalker growth]
  1556 | D:4      | Reached XP level 4. HP: 23/25 MP: 2/5
  1556 | D:4      | Reached XP level 5. HP: 26/28 MP: 2/6
  1687 | D:2      | Reached ** piety under Trog
  2158 | D:3      | Reached skill level 5 in Short Blades
  2160 | D:3      | Reached XP level 6. HP: 33/33 MP: 7/7
  2470 | D:4      | Noticed a black bear
  2477 | D:4      | Killed a black bear
  2619 | D:4      | Noticed a black bear
  2623 | D:4      | Killed a black bear
  2624 | D:4      | Reached skill level 6 in Short Blades
  2624 | D:4      | Reached XP level 7. HP: 38/38 MP: 8/8
  3063 | D:4      | Found Umeffenn's Weapon Shoppe.
  3234 | D:4      | Found a burning altar of Makhleb.
  3575 | D:5      | Entered Level 5 of the Dungeon
  3790 | D:5      | Reached skill level 5 in Fighting
  4125 | D:5      | Reached skill level 7 in Short Blades
  4171 | D:5      | Gained mutation: You have razor-sharp teeth. [Vine Stalker
                  | growth]
  4171 | D:5      | Reached XP level 8. HP: 44/44 MP: 9/9
  4646 | D:6      | Reached skill level 8 in Short Blades
  4648 | D:6      | Reached *** piety under Trog
  4706 | D:6      | Noticed a yak
  4707 | D:6      | Noticed a yak
  4707 | D:6      | Noticed a yak
  4707 | D:6      | Noticed a yak
  4710 | D:6      | Noticed a yak
  4715 | D:6      | Killed a yak
  4719 | D:6      | Killed a yak
  4720 | D:6      | Reached skill level 9 in Short Blades
  4722 | D:6      | Killed a yak
  4723 | D:6      | Reached XP level 9. HP: 48/48 MP: 10/10
  4739 | D:6      | Reached skill level 10 in Short Blades
  5067 | D:6      | Found an ornate altar of the Wu Jian Council.
  6186 | D:4      | Bought a +3 rapier of speed for 406 gold pieces
  6456 | D:8      | Found a staircase to the Lair.
  6465 | D:8      | Found a basalt altar of Yredelemnul.
  6468 | D:8      | Found an opulent altar of Gozag.
  6472 | D:8      | Found a bloodstained altar of Trog.
  6475 | D:8      | Found a glowing silver altar of Zin.
  6477 | D:8      | Found a stormy altar of Qazlal.
  6479 | D:8      | Found a sacrificial altar of Ru.
  6483 | D:8      | Found a hide-covered altar of Uskayaw.
  6545 | D:8      | Reached XP level 10. HP: 44/53 MP: 9/11
  6675 | D:8      | Reached skill level 5 in Armour
  6841 | D:8      | Found a shadowy altar of Dithmenos.
  7131 | D:9      | Reached skill level 11 in Short Blades
  7141 | D:9      | Reached **** piety under Trog
  7629 | D:9      | Found a runed translucent door.
  7630 | D:9      | Noticed Kazon's ghost (novice DgFi)
  7753 | D:9      | Found a white marble altar of Elyvilon.
  7972 | D:9      | Killed Kazon's ghost
  7973 | D:9      | Reached skill level 12 in Short Blades
  8057 | Lair:1   | Entered Level 1 of the Lair of Beasts
  8057 | Lair:1   | Noticed an oklob plant
  8057 | Lair:1   | Found a stormy altar of Qazlal.
  8063 | Lair:1   | Killed an oklob plant
  8064 | Lair:1   | Reached skill level 1 in Shields
  8064 | Lair:1   | Reached XP level 11. HP: 58/58 MP: 12/12
  8501 | Lair:1   | Noticed Fannar
  8521 | Lair:1   | Killed Fannar
  9111 | Lair:2   | Noticed an oklob plant
  9310 | Lair:2   | Reached skill level 13 in Short Blades
  9466 | Lair:2   | Noticed a four-headed hydra
  9475 | Lair:2   | Killed a four-headed hydra
  9552 | Lair:2   | Noticed Pechyafi's ghost (journeyman DDEE)
  9553 | Lair:2   | Found a runed translucent door.
  9602 | Lair:2   | Killed Pechyafi's ghost
  9661 | Lair:2   | Found a hole to the Spider Nest.
 10005 | Lair:2   | Noticed a seven-headed hydra
 10014 | Lair:2   | Killed a seven-headed hydra
 10015 | Lair:2   | Reached skill level 14 in Short Blades
 10015 | Lair:2   | Reached skill level 5 in Shields
 10044 | Lair:2   | HP: 2/58 [poisoned by a cane toad]
 10050 | Lair:2   | Reached XP level 12. HP: 9/63 MP: 13/13
 10285 | Lair:2   | Reached skill level 1 in Evocations
 11288 | Lair:3   | Found a staircase to the Shoals.
 11466 | Lair:3   | Noticed an eight-headed hydra
 11474 | Lair:3   | Killed an eight-headed hydra
 11980 | Lair:4   | Found an iron altar of Okawaru.
 12035 | Lair:4   | Noticed a seven-headed hydra
 12057 | Lair:4   | HP: 2/65 [seven-headed hydra (5)]
 12057 | Lair:4   | Slain by a seven-headed hydra

Illustrated notes

Levels and vault maps discovered:
D:1:      dpeg_arrival_shrine, layout_loops_ring, basic_ecumenical_altar
D:2:      layout_rooms
D:3:      layout_rooms, item_on_display_a
D:4:      layout_basic, kennysheep_mini_moat,
          minmay_temple_entry_gardened_gates, serial_shops, shop, minmay_cut_off
D:5:      layout_gridville
D:6:      layout_rooms, mainiacjoe_overflow_alcove_4, serial_curves,
          eino_curves_01, eino_curves_01, minmay_misc_feat_pillars
D:7:      layout_basic, serial_glass, glass_columns_c, glass_columns_c,
          glass_columns_c, glass_columns_b, glass_columns_b, glass_columns_a,
          glass_columns_c, glass_columns_a, hangedman_abyss_or_decor_stagger
D:8:      layout_basic, mainiacjoe_overflow_brackets,
          nicolae_overflow_hallway_of_the_gods, lair_entry_dummy, serial_curves,
          eino_curves_02, eino_curves_04
D:9:      layout_gridville, lemuel_tele_altar, gammafunk_ghost_grave,
          minmay_stone_trees_small, amcnicky_mini_pool_small
Lair:1:   layout_cave_pods, lemuel_oklob_altar, serial_bayou_shore_b,
          uniq_fannar
Lair:2:   layout_roguey [special_room_bee], dummy_spider_entry,
          hellmonk_ghost_happy_afterlife, minmay_lair_oklob_bushes
Lair:3:   layout_chaotic_city, elwin_shoals_entry_stream,
          cheibrodos_lair_reptile_den
Lair:4:   layout_hall_layers, basic_altar, lemuel_fruit_tree,
          serial_bayou_shore_b

Skill      XL: |  1  2  3  4  5  6  7  8  9 10 11 12 |
---------------+-------------------------------------+-----
Short Blades   | 3 4 5 6 7 9 10 12 14 | 14.0
Fighting       | 3 4 5 6 7 8 |  8.5
Armour         | 4 6 |  6.0
Shields        | 1 5 7 |  7.4
Evocations     | 4 |  4.6
Dodging        | |  1.5

Action                   |  1- 3 |  4- 6 |  7- 9 | 10-12 || total
-------------------------+-------+-------+-------+-------++-------
Melee: Short sword       |    25 |       |       |       ||    25
       Bite              |    42 |    31 |   153 |   213 ||   439
       Dagger            |   121 |   112 |   450 |       ||   683
       Punch             |     1 |     1 |     9 |     5 ||    16
       Rapier            |       |       |    17 |   680 ||   697
Throw: Stone             |     5 |       |     7 |     7 ||    19
       Dart              |       |       |     2 |       ||     2
Invok: Berserk           |     1 |     6 |     6 |    21 ||    34
       Trog's Hand       |       |     1 |     2 |     5 ||     8
       Brothers in Arms  |       |       |       |     2 ||     2
Evoke: Wand              |       |       |       |     4 ||     4
  Use: Scroll            |       |       |    17 |     9 ||    26
       Potion            |       |       |       |     4 ||     4
 Stab: Sleeping          |     2 |       |       |       ||     2
Armor: Animal skin       |    58 |       |       |       ||    58
       Ring mail         |    13 |       |       |       ||    13
       Scale mail        |       |    76 |    98 |       ||   174
       Chain mail        |       |       |    36 |   191 ||   227
Dodge: Dodged            |   108 |    72 |   125 |   129 ||   434
Block: Buckler           |       |       |       |    45 ||    45
       Kite shield       |       |       |       |    39 ||    39
